 Dungeon Crawl Stone Soup version 0.19.4 (webtiles) character file.

1386 Naow the Thaumaturge (level 8, -1/41 HPs)
             Began as a Deep Elf Fire Elementalist on Feb 3, 2017.
             Was an Initiate of Vehumet.
             Slain by a centaur (4 damage)
             ... on level 7 of the Dungeon.
             The game lasted 00:15:31 (8736 turns).

Naow the Thaumaturge (Deep Elf Fire Elementalist)   Turns: 8736, Time: 00:15:31

Health: -1/41      AC:  4    Str:  5    XL:     8   Next: 40%
Magic:  17/22      EV: 13    Int: 23    God:    Vehumet [......]
Gold:   479        SH:  0    Dex: 15    Spells: 5 memorised, 8 levels left

rFire  + . .     SeeInvis .     D - +0 dagger
rCold  . . .     Gourm    .     a - +0 robe
rNeg   + . .     Faith    .     (no shield)
rPois  .         Spirit   .     (no helmet)
rElec  .         Reflect  .     x - +0 cloak (curse)
rCorr  .         Harm     .     (no gloves)
MR     .....                    h - +0 pair of boots
Stlth  ++........               G - amulet of regeneration
                                F - ring of positive energy
                                r - ring of protection from fire

@: no status effects
A: no striking features
a: Renounce Religion


You were on level 7 of the Dungeon.
You worshipped Vehumet.
Vehumet was noncommittal.
You were very hungry.

You visited 2 branches of the dungeon, and saw 8 of its levels.

You collected 479 gold pieces.

Inventory:

Hand Weapons
 D - a +0 dagger (weapon)
Armour
 a - a +0 robe (worn)
 h - a +0 pair of boots (worn)
 x - a cursed +0 cloak (worn)
Jewellery
 r - a ring of protection from fire (left hand)
 v - an uncursed ring of protection from magic {unknown}
 F - a ring of positive energy (right hand)
 G - an amulet of regeneration (around neck)
Wands
 t - a wand of iceblast (4/15)
 I - a wand of polymorph (5/24)
Scrolls
 e - a scroll of recharging {unknown}
 f - 6 scrolls of fog {unknown}
 i - a scroll of enchant armour {unknown}
 m - 2 scrolls of teleportation {unknown}
 n - 2 scrolls of random uselessness {unknown}
 p - a scroll of immolation {unknown}
 q - 5 scrolls of identify {unknown}
 u - 2 scrolls of amnesia {unknown}
 y - 5 scrolls of remove curse {unknown}
 B - 2 scrolls of magic mapping {unknown}
 E - a scroll of enchant weapon {unknown}
Potions
 d - a potion of lignification
 g - 2 potions of flight {unknown}
 j - 4 potions of curing {unknown}
 k - 2 potions of agility
 s - a potion of might {unknown}
 w - a potion of mutation {unknown}
 A - a potion of degeneration {unknown}
 C - 2 potions of heal wounds
Books
 b - a book of Flames

   Spells                             Type                      Level
   a - Flame Tongue                   Conjuration/Fire             1
   b - Throw Flame                    Conjuration/Fire             2
   c - Conjure Flame                  Conjuration/Fire             3
   d - Inner Flame                    Hexes/Fire                   3
   e - Sticky Flame                   Conjuration/Fire             4
   f - Fireball                       Conjuration/Fire             5
 H - a book of Necromancy

   Spells                             Type                      Level
   a - Pain                           Necromancy                   1
   b - Animate Skeleton               Necromancy                   1
   c - Vampiric Draining              Necromancy                   3
   d - Regeneration                   Charms/Necromancy            3
   e - Animate Dead                   Necromancy                   4
   f - Control Undead                 Necromancy                   4
Comestibles
 c - 6 bread rations
 l - 5 meat rations
 o - 9 fruits
 z - a beef jerky


   Skills:
 - Level 2.4 Dodging
 - Level 2.4 Stealth
 + Level 8.2 Spellcasting
 + Level 6.6 Conjurations
 + Level 7.3 Fire Magic


You had 8 spell levels left.
You knew the following spells:

 Your Spells              Type           Power        Failure   Level  Hunger
a - Flame Tongue          Conj/Fire      #####        1%          1    None
b - Throw Flame           Conj/Fire      #####.       1%          2    None
c - Conjure Flame         Conj/Fire      #####...     1%          3    None
d - Sticky Flame          Conj/Fire      #####...     4%          4    ###....
e - Fireball              Conj/Fire      #####.....   12%         5    #####..


Dungeon Overview and Level Annotations

Branches:
Dungeon (7/15)             Temple (1/1) D:4

Altars:
Ashenzari
Cheibriados
Dithmenos
Elyvilon
Fedhas
Gozag
Hepliaklqana
Kikubaaqudgha
Nemelex Xobeh
Okawaru
Ru
Sif Muna
Trog
Uskayaw
Vehumet
Xom
The Shining One


Message History

The centaur shoots an arrow.
The arrow hits you!
* * * LOW HITPOINT WARNING * * *
You see here 2 arrows.
You are feeling very hungry.
The centaur shoots an arrow.
The arrow hits you!
* * * LOW HITPOINT WARNING * * *
You see here 3 arrows.
The centaur unwields an uncursed shortbow.
The centaur hits you.
* * * LOW HITPOINT WARNING * * *
Casting: Throw Flame
Confirm with . or Enter, or press ? or * to list all spells.
Aiming: Sticky Flame
Press: ? - help, Shift-Dir - straight line, f/p - centaur
Aim: a centaur The sticky flame hits the centaur.
The centaur is moderately wounded.
The centaur is covered in liquid flames!
The centaur burns!
The centaur barely misses you. The centaur hits you.
You die...

#.# #.# #.#
#.# #.#
.#.####.#
#.<...c.###
#....@(.#
#.#####.# #<#
#.# #.###.#
#...#.# # #
#.#.#.#
###.#.###.#.#
#.........#.#
.#..###..#.#


You could see a centaur (burning).

Vanquished Creatures
  Grinder (D:3)
  An orc warrior (D:5)
  An ogre (D:4)
  A centaur (D:6)
  A scorpion (D:4)
  A howler monkey (D:6)
  A crimson imp (D:5)
  Crazy Yiuf (D:3)
  7 orc wizards
  A bullfrog skeleton (D:5)
  A hound (D:4)
  3 orc priests
  Natasha (thrice) (D:3)
  Ijyb (D:2)
  Terence (D:3)
  4 worker ants
  2 hound skeletons
  A worker ant zombie (D:6)
  6 adders
  2 oozes
  An adder zombie (D:6)
  2 worms
  2 dart slugs (D:1)
  5 leopard geckos
  31 orcs
  5 giant cockroaches
  10 goblins
  6 hobgoblins
  9 jackals
  4 quokkas
  2 bats
  7 frilled lizards
  5 kobolds
  2 rats
131 creatures vanquished.

Notes
Turn   | Place    | Note
-------+----------+-------------------------------------------
     0 | D:1      | Naow the Deep Elf Fire Elementalist began the quest for the Orb.
     0 | D:1      | Reached XP level 1. HP: 10/10 MP: 6/6
   237 | D:1      | Reached XP level 2. HP: 15/15 MP: 2/8
   745 | D:1      | Learned a level 2 spell: Throw Flame
  1164 | D:2      | Reached XP level 3. HP: 10/19 MP: 5/10
  2142 | D:3      | Reached skill level 4 in Spellcasting
  2142 | D:3      | Reached XP level 4. HP: 18/24 MP: 6/12
  2147 | D:3      | Learned a level 3 spell: Conjure Flame
  2152 | D:3      | Learned a level 4 spell: Sticky Flame
  2303 | D:3      | Found a shimmering altar of Xom.
  2306 | D:3      | Found a shimmering altar of Xom.
  2335 | D:3      | Noticed Ijyb
  2512 | D:2      | Killed Ijyb
  3121 | D:3      | Noticed Natasha
  3127 | D:3      | Killed Natasha
  3127 | D:3      | Reached XP level 5. HP: 10/28 MP: 0/13
  3414 | D:3      | Found a runed door.
  3442 | D:3      | Noticed Grinder
  3446 | D:3      | Noticed Terence
  3456 | D:3      | Paralysed by Grinder for 3 turns
  3490 | D:3      | Killed Terence
  3505 | D:3      | Killed Grinder
  3505 | D:3      | Reached skill level 5 in Spellcasting
  3505 | D:3      | Reached skill level 5 in Fire Magic
  3505 | D:3      | Reached XP level 6. HP: 32/32 MP: 0/16
  3512 | D:3      | Learned a level 5 spell: Fireball
  3666 | D:3      | Noticed Natasha
  3668 | D:3      | Killed Natasha
  3717 | D:3      | Noticed Natasha
  3722 | D:3      | Killed Natasha
  3926 | D:3      | Found a glowing golden altar of the Shining One.
  4014 | D:3      | You fall through a shaft!
  4218 | D:3      | Noticed Crazy Yiuf
  4226 | D:3      | Killed Crazy Yiuf
  4226 | D:3      | Reached skill level 6 in Spellcasting
  4491 | D:4      | Reached XP level 7. HP: 14/36 MP: 11/18
  4739 | D:4      | Reached skill level 5 in Conjurations
  5699 | D:4      | Found a staircase to the Ecumenical Temple.
  5764 | D:5      | Entered Level 5 of the Dungeon
  5943 | D:5      | Found an opulent altar of Gozag.
  5982 | D:5      | Reached skill level 7 in Spellcasting
  6285 | D:5      | Found Daobagh's Armour Shop.
  6829 | D:6      | Reached XP level 8. HP: 41/41 MP: 9/21
  7144 | Temple   | Entered the Ecumenical Temple
  7235 | Temple   | Became a worshipper of Vehumet
  7728 | D:6      | Found a hide-covered altar of Uskayaw.
  7914 | D:5      | Reached skill level 8 in Spellcasting
  8294 | D:6      | Reached * piety under Vehumet
  8294 | D:6      | Offered knowledge of Sting by Vehumet.
  8736 | D:7      | Slain by a centaur

Skill      XL: |  1  2  3  4  5  6  7  8 |
---------------+-------------------------+-----
Conjurations   | 2 3 4 5 6 |  6.6
Fire Magic     | 4 5 6 7 |  7.3
Spellcasting   | 4 5 6 7 8 |  8.2
Dodging        | |  2.4
Stealth        | |  2.4

Action                   |  1- 3 |  4- 6 |  7- 9 || total
-------------------------+-------+-------+-------++-------
Melee: Unarmed           |     3 |     1 |       ||     4
       Dagger            |       |       |    18 ||    18
 Cast: Flame Tongue      |    47 |    29 |    70 ||   146
       Throw Flame       |    20 |    61 |    77 ||   158
       Sticky Flame      |       |     2 |     4 ||     6
       Conjure Flame     |       |     1 |       ||     1
Evoke: Wand              |       |       |     1 ||     1
  Use: Potion            |       |     3 |       ||     3
  Eat: Chunk             |     4 |     8 |    10 ||    22
       Royal jelly       |       |       |     1 ||     1
Armor: Robe              |     4 |     6 |     3 ||    13
       Skin              |       |     2 |       ||     2
Dodge: Dodged            |     7 |    18 |    32 ||    57
